 Dungeon Crawl Stone Soup version 0.30.0 (webtiles) character file.

Game seed: 16816468173226222121

83313 strontium90w the Bludgeoner (level 15, -2/132 HPs)
             Began as a Minotaur Fighter on July 25, 2023.
             Was the Champion of Nemelex Xobeh.
             Slain by a +1 bardiche of flaming (14 damage)
             ... on level 2 of the Elven Halls on July 26, 2023.
             The game lasted 01:15:26 (25390 turns).

strontium90w the Bludgeoner (Minotaur Fighter)     Turns: 25390, Time: 01:15:26

Health: -2/132     AC: 40    Str: 28    XL:     15   Next: 32%
Magic:  20/20      EV:  9    Int:  5    God:    Nemelex Xobeh [******]
Gold:   1209       SH: 20    Dex: 10    Spells: 14/14 levels left

rFire   . . .        T - +9 morningstar (spect)
rCold   . . .        K - +3 kite shield
rNeg    . . .        U - +15 Maxwell's patent armour {-Cast -Tele rElec Will+ rCorr}
rPois   .            (helmet restricted)
rElec   +            X - scarf {repulsion}
rCorr   +            C - +2 pair of gloves {Stlth+}
SInv    +            b - +1 pair of boots {Stlth+}
Will    ++...        F - amulet of reflection Stlth
                     O - ring of see invisible
HPRegen 0.00/turn    k - +4 ring of protection
MPRegen 0.17/turn

%: no teleportation, no spellcasting, repel missiles, reflection
@: inhibited regen
A: horns 2, retaliatory headbutt, inhibited regeneration
a: Renounce Religion, Draw Escape, Draw Destruction, Draw Summoning, Triple
Draw, Deal Four, Stack Five


You were on level 2 of the Elven Halls.
You worshipped Nemelex Xobeh.
Nemelex Xobeh was exalted by your worship.
You visited 5 branches of the dungeon, and saw 22 of its levels.
You also visited: Ossuary and Ice Cave.

You collected 2473 gold pieces.
You spent 1264 gold pieces at shops.

Inventory:

Hand Weapons
 c - the +11 plutonium sword {Contam Stlth-}
   (You found it on level 9 of the Dungeon)

   Contam:    It causes magical contamination when unequipped.
   Stlth:     It makes you less stealthy.
 m - a +3 battleaxe of venom
 r - the +5 mace of the Sixty-Six Leylines {venom, Will+++ Str+4 Dex-5}
   (You found it on level 2 of the Dungeon)

   Str:       It affects your strength (+4).
   Dex:       It affects your dexterity (-5).
   Will:      It greatly increases your willpower.
 Q - a +3 antimagic sling
 T - a +9 spectral morningstar (weapon)
Missiles
 j - 3 curare-tipped darts (quivered)
 t - 48 poisoned darts
Armour
 a - +0 fire dragon scales
 b - a +1 pair of boots of stealth (worn)
 w - +0 ice dragon scales
 y - a +3 plate armour of poison resistance
 C - a +2 pair of gloves of stealth (worn)
 G - a +3 plate armour of cold resistance
 K - a +3 kite shield (worn)
 L - a +0 cloak of poison resistance
 U - the +15 Maxwell's patent armour (worn) {-Cast -Tele rElec Will+ rCorr}
   (You acquired it on level 3 of the Lair of Beasts)

   rElec:     It insulates you from electricity.
   -Cast:     It prevents spellcasting.
   -Tele:     It prevents most forms of teleportation.
   rCorr:     It protects you from acid and corrosion.
   Will:      It increases your willpower.
 X - a scarf of repulsion (worn)
Jewellery
 k - a +4 ring of protection (right hand)
 v - the ring of Ifim {rPois rN+ Str-5 SInv}
   (You found it on level 3 of the Dungeon)

   [ring of poison resistance]

   Str:       It affects your strength (-5).
   rPois:     It protects you from poison.
   rN:        It protects you from negative energy.
   SInv:      It lets you see invisible.
 F - an amulet of reflection (around neck)
 O - a ring of see invisible (left hand)
 R - a ring of resist corrosion
 S - a +5 ring of evasion
 W - a ring of positive energy
Wands
 f - a wand of roots (6)
 q - a wand of mindburst (6)
 J - a wand of light (5)
 M - a wand of polymorph (32)
 N - a wand of digging (6)
 P - a wand of flame (1)
 Z - a wand of paralysis (19)
Scrolls
 e - 8 scrolls of teleportation
 g - 2 scrolls of fog
 h - 3 scrolls of fear
 n - 2 scrolls of poison
 u - 3 scrolls of identify
 x - a scroll of silence
 z - a scroll of blinking
 H - 3 scrolls of magic mapping
Potions
 d - 2 potions of might
 i - 7 potions of curing
 l - 6 potions of flight
 o - a potion of berserk rage
 p - 2 potions of brilliance
 s - 7 potions of ambrosia
 A - 2 potions of cancellation
 B - 6 potions of lignification
 V - a potion of magic
 Y - a potion of resistance
Miscellaneous
 D - a condenser vane
 E - a piece from Xom's chessboard (14/15)
 I - a phial of floods


   Skills:
 + Level 11.8 Fighting
 - Level 8.5 Long Blades
 - Level 3.1(11.9) Axes
 * Level 17.6(17.7) Maces & Flails
 + Level 6.6 Throwing
 + Level 11.9 Armour
 + Level 6.3 Dodging
 - Level 0.1 Stealth
 + Level 13.9 Shields
 * Level 8.8 Invocations
 * Level 6.2 Evocations


You had 14 spell levels left.
You didn't know any spells.
Your spell library contained the following spells:

 Spells                   Type           Power      Damage    Failure   Level
 Beastly Appendage        Tmut           0%         N/A       99%         1
 Blink                    Tloc           0%         N/A       100%        2
 Ensorcelled Hibernation  Hex/Ice        0%         N/A       100%        2
 Passwall                 Tmut/Erth      0%         N/A       100%        2
 Static Discharge         Conj/Air       0%         2-2/arc   100%        2
 Wereblood                Tmut           0%         N/A       100%        2
 Dazzling Flash           Conj/Hex       0%         N/A       100%        3
 Hailstorm                Conj/Ice       0%         3d3       100%        3
 Ignite Poison            Fire/Tmut/Pois 0%         N/A       100%        3
 Portal Projectile        Hex/Tloc       0%         N/A       100%        3
 Spider Form              Tmut/Pois      0%         N/A       100%        3
 Swiftness                Air            0%         N/A       100%        3
 Tukima's Dance           Hex            0%         N/A       100%        3
 Volatile Blastmotes      Fire/Tloc      0%         2d10      100%        3
 Airstrike                Air            0%         2d(0-16)  100%        4
 Ice Form                 Ice/Tmut       0%         N/A       100%        4
 Iskenderun's Mystic Bla  Conj/Tloc      0%         2d3       100%        4
 Manifold Assault         Tloc           0%         N/A       100%        4
 Passage of Golubria      Tloc           0%         N/A       100%        4
 Petrify                  Tmut/Erth      0%         N/A       100%        4
 Sticky Flame             Conj/Fire      0%         2d3       100%        4
 Summon Lightning Spire   Summ/Air       0%         N/A       100%        4
 Alistair's Intoxication  Tmut/Pois      0%         N/A       100%        5
 Blade Hands              Tmut           0%         N/A       100%        5
 Borgnjor's Vile Clutch   Necr/Erth      0%         N/A       100%        5
 Iskenderun's Battlesphe  Conj           0%         2d6       100%        5
 Metabolic Englaciation   Hex/Ice        0%         N/A       100%        5
 Yara's Violent Unravell  Hex/Tmut       0%         3d3       100%        5
 Eringya's Noxious Bog    Tmut/Pois      0%         N/A       100%        6
 Iron Shot                Conj/Erth      0%         9d1       100%        6
 Simulacrum               Ice/Necr       0%         N/A       100%        6
 Starburst                Conj/Fire      0%         6d3       100%        6
 Statue Form              Tmut/Erth      0%         N/A       100%        6
 Spellforged Servitor     Conj/Summ      0%         N/A       100%        7
 Storm Form               Tmut/Air       0%         N/A       100%        7
 Ignition                 Fire           0%         3d3       100%        8


Dungeon Overview and Level Annotations

Branches:
Dungeon (13/15)            Temple (1/1) D:7            Lair (4/5) D:8
  Snake (0/4) Lair:3        Slime (0/5) Lair:4          Orc (2/2) D:10
    Elf (1/3) Orc:2       Ossuary (visited)           IceCv (visited)
  Swamp: Lair:2-3    Shoals: Lair:2-3    Vaults: D:13-14

Altars:
Ashenzari
Cheibriados
Dithmenos
Elyvilon
Fedhas
Gozag
Hepliaklqana
Kikubaaqudgha
Makhleb
Nemelex Xobeh
Okawaru
Qazlal
Ru
Sif Muna
Trog
Uskayaw
Vehumet
Wu Jian
Xom
Yredelemnul
Zin
The Shining One
Jiyva

Shops:
D:5 =   Orc:1 ([   Orc:2 *[!([

Annotations:
D:4 1 runed translucent door, Crazy Yiuf
D:5 420g reflect
Lair:2 exclusion: oklob plant
Orc:2 2324 runed crystal


Innate Abilities, Weirdness & Mutations

You have a pair of horns on your head.
You reflexively headbutt those who attack you in melee.
You do not regenerate when monsters are visible.


Message History

Your +9 spectral morningstar hits the +2 battleaxe of venom.
You feel sick.
The +1 bardiche of flaming hits you but does no damage.
The deep elf knight gestures wildly while chanting.
The deep elf knight seems to speed up.
The +2 battleaxe of venom barely misses you.
You furiously retaliate!
You headbutt the +2 battleaxe of venom!
The +2 battleaxe of venom falls from the air.
Your +9 spectral morningstar disappears.
You feel very sick. The +1 bardiche of flaming hits you!!
* * * LOW HITPOINT WARNING * * *
The +1 bardiche of flaming burns you!
* * * LOW HITPOINT WARNING * * *
You see here a +2 battleaxe of venom.
You feel better.
The deep elf knight shoots an arrow.
You block the arrow with an invisible shield... and reflect it back!
The arrow barely misses the +1 bardiche of flaming.
The arrow barely misses the deep elf knight.
You block the +1 bardiche of flaming's attack.
The deep elf knight shoots an arrow.
You block the arrow with an invisible shield... and reflect it back!
The arrow hits the +1 bardiche of flaming!
You draw a card...
You have drawn Exile.
The deep elf knight is devoured by a tear in reality.
You block the +1 bardiche of flaming's attack.
Unknown command.
Okay, then.
You draw a card...
You have drawn Wild Magic.
The +1 bardiche of flaming is briefly showered in sparks.
The +1 bardiche of flaming completely resists.
You feel a surge of magic.
A +1 trident of protection comes into view.
You block the +1 bardiche of flaming's attack.
You draw a card...
You have drawn the Elements.
You block the +1 bardiche of flaming's attack.
The +1 trident of protection hits you but does no damage.
The +1 bardiche of flaming hits you from afar!
You die...
Your body glows with a rainbow of weird colours and disappears.

..........#
..........#
........#
.......#
#.....#
#..h.#
#ยง(..#
##))v#
#(Y@#
#....#
#.....#
.......##
#......#
##...###
####


You could see 2 dancing weapons, a friendly raiju (summoned), a friendly fire
vortex (summoned) and a friendly ice beast (summoned).

Vanquished Creatures
  2 orc warlords
  Harold (D:9)
  An ice dragon (D:9)
  2 hydras
  An ogre mage (Orc:2)
  Erica (Orc:1)
  2 ironbound frosthearts (IceCv)
  8 two-headed ogres
  11 death yaks
  3 dancing weapons
  2 boulder beetles
  A deep elf knight (Elf:2)
  4 orc high priests
  Amaemon (D:11)
  3 skysharks
  A bog body (Lair:3)
  Lodul (D:10)
  4 deep elf pyromancers
  2 orc knights
  3 deep elf zephyrmancers (Elf:1)
  3 orc sorcerers (Orc:2)
  6 ugly things
  3 manticores
  An oklob plant (Lair:1)
  3 black mambas
  An ice statue (IceCv)
  31 elephants
  An orange demon (D:11)
  An unseen horror (D:11)
  A gargoyle (D:12)
  6 cane toads
  A kobold demonologist (D:11)
  5 rime drakes
  Psyche (D:10)
  4 komodo dragons
  6 trolls
  12 polar bears
  2 hornets
  4 blink frogs (Lair:4)
  Prince Ribbit (D:8)
  3 wyverns
  A spriggan (Lair:2)
  3 basilisks
  A golden eye (D:8)
  56 yaks
  6 vampire mosquitoes
  Grum (D:11)
  A warg (Orc:2)
  Edmund (D:5)
  An acid dragon (D:13)
  4 nagas
  9 water moccasins
  37 orc warriors
  A sky beast (D:4)
  4 black bears
  An ice beast (D:7)
  26 wolves
  15 ogres
  7 centaurs
  3 phantoms
  An elf zombie (Ossuary)
  5 kobold brigands
  6 bullfrogs
  3 scorpions (D:5)
  A gnoll sergeant (D:8)
  14 wights
  17 killer bees
  4 troll zombies (D:10)
  5 howler monkeys
  An electric eel (D:9)
  A lava snake (Orc:2)
  2 centaur zombies (Ossuary)
  6 jellies
  25 orc priests
  7 hounds
  3 human zombies (Ossuary)
  A gnoll bouda (D:8)
  Natasha (thrice) (D:4)
  2 iguanas (D:5)
  22 orc wizards
  4 ogre zombies (D:10)
  2 mummies (Ossuary)
  11 gnolls
  8 adders
  A shadow imp (D:5)
  14 white imps
  2 ufetubi (D:5)
  An adder zombie (Ossuary)
  9 worms
  4 dart slugs
  103 orcs
  7 bats
  11 endoplasms
  4 giant cockroaches
  13 hobgoblins
  2 jackals (D:4)
  49 kobolds
  5 quokkas
  10 ball pythons
  3 frilled lizards
  8 goblins
  2 goblin skeletons (D:10)
  4 goblin zombies
  2 hobgoblin skeletons (D:10)
  9 hobgoblin zombies
  2 jackal zombies (Ossuary)
  6 kobold zombies (Ossuary)
  28 orc zombies
  4 rats
  2 rat zombies (Ossuary)
787 creatures vanquished.

Vanquished Creatures (collateral kills)
  2 orc warriors (Orc:2)
  3 orc wizards
  7 orcs (Orc:2)
12 creatures vanquished.

Vanquished Creatures (others)
  A quokka (D:7)
  93 fungi
  130 plants
  2 spectral weapons
226 creatures vanquished.

Grand Total: 1025 creatures vanquished

Notes
Turn   | Place    | Note
-------+----------+-------------------------------------------
     0 | D:1      | strontium90w the Minotaur Fighter began the quest for the
                  | Orb.
     0 | D:1      | Reached XP level 1. HP: 19/19 MP: 0/0
   116 | D:1      | You fall into a shaft and drop 1 floor!
   208 | D:1      | Found a faded altar of an unknown god.
   273 | D:1      | Reached XP level 2. HP: 26/27 MP: 1/1
   820 | D:2      | Reached XP level 3. HP: 33/33 MP: 2/2
  1092 | D:2      | Identified the +5 mace of the Sixty-Six Leylines {venom,
                  | Will+++ Str+4 Dex-5}
  1642 | D:3      | Reached skill level 1 in Maces & Flails
  1683 | D:3      | Reached XP level 4. HP: 36/41 MP: 3/3
  1834 | D:3      | Identified the ring of Ifim {rPois rN+ Str-5 SInv}
  1990 | D:3      | Reached skill level 2 in Maces & Flails
  2076 | D:3      | Found a shimmering blue altar of Sif Muna.
  2123 | D:4      | Found a sand-covered staircase.
  2129 | Ossuary  | Entered an ossuary
  2240 | Ossuary  | Reached skill level 1 in Throwing
  2240 | Ossuary  | Reached XP level 5. HP: 44/47 MP: 4/4
  2241 | Ossuary  | Reached skill level 3 in Maces & Flails
  2275 | Ossuary  | Reached skill level 4 in Maces & Flails
  2275 | Ossuary  | Reached skill level 1 in Dodging
  2275 | Ossuary  | Reached XP level 6. HP: 32/53 MP: 5/5
  2421 | Ossuary  | Reached skill level 5 in Maces & Flails
  2533 | D:4      | Found a runed translucent door.
  2534 | D:4      | Noticed Crazy Yiuf
  2556 | D:4      | Noticed a sky beast
  2563 | D:4      | Killed a sky beast
  2681 | D:4      | Noticed Natasha
  2686 | D:4      | Killed Natasha
  2687 | D:4      | Reached XP level 7. HP: 60/60 MP: 6/6
  2736 | D:4      | Reached skill level 5 in Fighting
  2828 | D:4      | Reached skill level 6 in Maces & Flails
  3222 | D:4      | Noticed Natasha
  3227 | D:4      | Killed Natasha
  3331 | D:4      | Noticed Natasha
  3339 | D:4      | Killed Natasha
  3369 | D:5      | Entered Level 5 of the Dungeon
  3437 | D:5      | Noticed Edmund
  3447 | D:5      | Killed Edmund
  3448 | D:5      | Reached skill level 7 in Maces & Flails
  3451 | D:5      | Reached skill level 5 in Armour
  3595 | D:5      | Found Waelo's Jewellery Boutique.
  3622 | D:5      | Reached XP level 8. HP: 68/68 MP: 7/7
  3732 | D:5      | Reached skill level 8 in Maces & Flails
  4323 | D:5      | Noticed a two-headed ogre
  4323 | D:5      | Noticed a hornet
  4327 | D:5      | Killed a hornet
  4328 | D:5      | Reached skill level 9 in Maces & Flails
  4332 | D:5      | Killed a two-headed ogre
  4333 | D:5      | Reached skill level 10 in Maces & Flails
  4333 | D:5      | Reached XP level 9. HP: 30/75 MP: 8/8
  4827 | D:6      | Found an ornate altar of the Wu Jian Council.
  5712 | D:7      | Reached skill level 5 in Shields
  5722 | D:7      | Reached skill level 11 in Maces & Flails
  5722 | D:7      | Reached skill level 1 in Evocations
  5914 | D:7      | Reached skill level 5 in Throwing
  5914 | D:7      | Found a staircase to the Ecumenical Temple.
  6092 | Temple   | Entered the Ecumenical Temple
  6314 | Temple   | Became a worshipper of Nemelex Xobeh the Trickster
  6412 | D:7      | Found a white marble altar of Elyvilon.
  6436 | D:7      | Reached XP level 10. HP: 41/86 MP: 9/9
  6824 | D:7      | Found a shadowy altar of Dithmenos.
  7285 | D:8      | Found a broken altar of Ashenzari.
  7302 | D:8      | Found a staircase to the Lair.
  7598 | D:8      | Noticed Maurice
  7600 | D:8      | Maurice changed into Maurice the golden eye
  7600 | D:8      | Noticed Maurice
  7604 | D:8      | Killed Maurice the golden eye
  7703 | D:8      | Found a glowing silver altar of Zin.
  7714 | D:8      | Reached * piety under Nemelex Xobeh
  7867 | D:8      | Noticed Prince Ribbit
  7879 | D:8      | Killed Prince Ribbit
  8032 | D:8      | Found an opulent altar of Gozag.
  8097 | D:8      | Reached skill level 12 in Maces & Flails
  8101 | D:8      | Found a sacrificial altar of Ru.
  8102 | D:8      | Received a gift from Nemelex Xobeh
  8510 | D:9      | Noticed an ice dragon
  8516 | D:9      | HP: 2/86 [ice dragon/blast of cold (34)]
  8739 | D:9      | Killed an ice dragon
  8740 | D:9      | Reached skill level 1 in Invocations
  8920 | D:9      | Noticed Harold
  8941 | D:9      | Killed Harold
  9405 | D:10     | Entered Level 10 of the Dungeon
  9405 | D:10     | Noticed a two-headed ogre
  9448 | D:10     | Reached XP level 11. HP: 48/92 MP: 11/11
  9451 | D:10     | Killed a two-headed ogre
  9596 | D:10     | Reached ** piety under Nemelex Xobeh
  9640 | D:9      | Found the +11 plutonium sword {Contam Stlth-}
  9665 | D:9      | Reached skill level 13 in Maces & Flails
 10032 | D:9      | Found a basalt altar of Yredelemnul.
 10293 | D:9      | Identified the +0 scale mail of Pibree {Int+4 Dex+3}
 10294 | D:9      | Identified the +1 glaive of Gaah {spect, Fragile rElec
                  | Int+4}
 10597 | D:10     | Reached skill level 1 in Long Blades
 10662 | D:10     | Noticed Lodul
 10742 | D:10     | Gained mutation: You do not regenerate when monsters are
                  | visible. [mutagenic glow]
 10757 | D:10     | Found a staircase to the Orcish Mines.
 10789 | D:10     | Killed Lodul
 11133 | D:10     | Noticed Psyche
 11624 | D:10     | Killed Psyche
 11929 | D:11     | Noticed Amaemon
 11945 | D:11     | Killed Amaemon
 12207 | D:11     | Reached skill level 5 in Long Blades
 12531 | D:11     | Reached XP level 12. HP: 103/103 MP: 14/14
 12544 | D:11     | Received a gift from Nemelex Xobeh
 12624 | D:11     | Noticed Grum
 12634 | D:11     | Killed Grum
 12799 | D:11     | Reached *** piety under Nemelex Xobeh
 12999 | Lair:1   | Entered Level 1 of the Lair of Beasts
 12999 | Lair:1   | Received a gift from Nemelex Xobeh
 13098 | Lair:1   | Reached skill level 14 in Maces & Flails
 13554 | Lair:1   | Reached skill level 5 in Invocations
 13828 | Lair:1   | Received a gift from Nemelex Xobeh
 14361 | D:5      | Bought a ring of see invisible for 210 gold pieces
 14554 | Lair:1   | Reached skill level 5 in Dodging
 14885 | Lair:2   | Received a gift from Nemelex Xobeh
 14995 | Lair:2   | Reached skill level 10 in Armour
 14995 | Lair:2   | Reached **** piety under Nemelex Xobeh
 15020 | Lair:2   | Noticed a seven-headed hydra
 15035 | Lair:2   | Killed a seven-headed hydra
 15036 | Lair:2   | Reached skill level 10 in Shields
 15381 | Lair:2   | Reached XP level 13. HP: 104/111 MP: 16/16
 16236 | Lair:2   | Received a gift from Nemelex Xobeh
 16263 | Lair:2   | Noticed Nergalle
 16269 | Lair:2   | Nergalle changed into Nergalle the skyshark
 16269 | Lair:2   | Noticed Nergalle
 16274 | Lair:2   | Killed Nergalle the skyshark
 16750 | Lair:2   | Received a gift from Nemelex Xobeh
 16750 | Lair:2   | Found a blossoming altar of Fedhas.
 17274 | Lair:3   | Reached skill level 15 in Maces & Flails
 17470 | Orc:1    | Entered Level 1 of the Orcish Mines
 17470 | Orc:1    | Received a gift from Nemelex Xobeh
 17583 | Orc:1    | Reached skill level 10 in Fighting
 17627 | Orc:1    | Noticed an orc warlord
 17629 | Orc:1    | Noticed Erica
 17646 | Orc:1    | Reached ***** piety under Nemelex Xobeh
 17673 | Orc:1    | Killed Erica
 17696 | Orc:1    | Killed an orc warlord
 18445 | Orc:1    | Found Cer Nud's Firing Range.
 18563 | Orc:1    | Found Wiczymay's Armour Shop.
 18576 | Orc:1    | Bought a +3 plate armour of poison resistance for 714 gold
                  | pieces
 18613 | Orc:1    | Received a gift from Nemelex Xobeh
 18957 | Orc:2    | Entered Level 2 of the Orcish Mines
 19134 | Orc:2    | Identified a scroll of acquirement
 19134 | Orc:2    | Acquired a +1 pair of gloves of stealth
 19183 | Orc:2    | Found Engot's General Store.
 19185 | Orc:2    | Found Boggustryiwk's Specific Store.
 19189 | Orc:2    | Bought a scroll of fear for 40 gold pieces
 19198 | Orc:2    | Bought a piece from Xom's chessboard (15/15) for 300 gold
                  | pieces
 19451 | Orc:2    | Found Jedas's Antique Armour Shop.
 19761 | Orc:2    | Reached XP level 14. HP: 119/121 MP: 18/18
 20155 | Orc:2    | Found a staircase to the Elven Halls.
 20416 | Orc:2    | Found Barevy's Distillery.
 20537 | Orc:2    | Noticed an orc warlord
 20663 | Orc:2    | Killed an orc warlord
 20664 | Orc:2    | Reached skill level 16 in Maces & Flails
 20973 | Orc:2    | Found Nuabaiph's Antique Weapon Shop.
 20976 | Orc:2    | Found Odwoil's Antique Armour Boutique.
 21272 | Lair:3   | Received a gift from Nemelex Xobeh
 21273 | Lair:3   | Found a staircase to the Snake Pit.
 21416 | Lair:3   | Acquired the +15 Maxwell's patent armour {-Cast -Tele rElec
                  | Will+ rCorr}
 21416 | Lair:3   | Found the +15 Maxwell's patent armour {-Cast -Tele rElec
                  | Will+ rCorr}
 21441 | Lair:4   | Received a gift from Nemelex Xobeh
 21502 | Lair:4   | Found a frozen archway.
 21557 | IceCv    | Entered an ice cave
 22070 | IceCv    | HP: 5/122 [ironbound frostheart/creeping frost (13)]
 22129 | IceCv    | Reached skill level 5 in Evocations
 22779 | Lair:4   | Reached skill level 17 in Maces & Flails
 22997 | Lair:4   | Received a gift from Nemelex Xobeh
 23073 | Lair:4   | Found a staircase to the Slime Pits.
 23082 | Lair:4   | Found a viscous altar of Jiyva.
 23205 | Lair:4   | Identified the +6 war axe "Hophawomo" {freeze, rElec Str+4}
 23321 | Lair:4   | Reached XP level 15. HP: 81/130 MP: 20/20
 23687 | Lair:4   | Received a gift from Nemelex Xobeh
 24073 | D:12     | Reached ****** piety under Nemelex Xobeh
 24327 | D:12     | Received a gift from Nemelex Xobeh
 24826 | D:13     | Found a sparkling altar of Nemelex Xobeh.
 24833 | D:13     | Received a gift from Nemelex Xobeh
 24963 | D:13     | Identified the +0 helmet of a volcano {Will+}
 25185 | Elf:1    | Entered Level 1 of the Elven Halls
 25369 | Elf:1    | You fall into a shaft and drop 1 floor!
 25385 | Elf:2    | HP: 4/132 [+1 bardiche of flaming (8)]
 25390 | Elf:2    | Slain by a +1 bardiche of flaming

Illustrated notes

Levels and vault maps discovered:
D:1:      lordsloth_arrival_two_stooges, layout_loops_ring,
          hellmonk_ecumenical_altar_heavens_door, st_stairs_11
D:2:      layout_loops_ring, minmay_misc_feat_roman
D:3:      minmay_skewed_foursquare, layout_basic, lemuel_doored_altar
D:4:      kennysheep_kobold_camp, layout_rooms, enter_ossuary_1, st_stairs_7,
          uniq_crazy_yiuf_cottage, uniq_natasha
D:5:      kennysheep_windowed_halls, layout_rooms, serial_shops, shop,
          nrook_mini_vaults, nicolae_wormholes, uniq_edmund
D:6:      minmay_klotski, layout_cave_pods, overflow_temple_1_default,
          serial_park, serial_park_tiny_pond, serial_park_square1
          [serial_park_minivault_5x5_2], serial_park_tiny_2
D:7:      layout_basic, lemuel_coloured_pillars_altar, elyvilon_altar_4,
          minmay_temple_entry_grid
D:8:      layout_gridville, nicolae_ru_sacrificial_ziggurat,
          cheibrodos_ashenzari_chains,
          nicolae_gozag_cash_rules_everything_around_me, general_overflow_altar,
          lair_entry_dummy, hangedman_decor_growths, uniq_prince_ribbit1,
          uniq_maurice
D:9:      dragon1_lemuel, layout_basic, kennysheep_little_box,
          corexii_checkpoint_a, minmay_radiant, uniq_harold
D:10:     layout_basic, zombieorc2_lemuel, serial_bayou_pond_b, uniq_lodul,
          uniq_psyche
D:11:     layout_rooms, uniq_amaemon, uniq_grum
D:12:     layout_irregular_city
D:13:     layout_roguey, nemelex_xobeh_ov_fountains_minmay
Temple:   nicolae_temple_figure_eight
Lair:1:   minmay_lair_oklob_chamber, layout_gridlike
Lair:2:   mu_elephants_graveyard, layout_long_grid, st_stairs_8, tgw_fedhas,
          lemuel_fruit_fields, lemuel_fruit_tree, uniq_nergalle
Lair:3:   layout_chaotic_city, nicolae_swamp_entry_splash_gauntlet,
          nicolae_snake_entry_squirm, beast_lair_carwin_2
Lair:4:   layout_cave_pods, nicolae_slime_entry_field_trip,
          portal_ice_cave_entry_imps, grunt_forest_small_clearing_treed
Orc:1:    cheibrodos_orc_bank, layout_caves, serial_shops,
          nicolae_shop_statue_plus, nicolae_shop_firing_range, uniq_erica
Orc:2:    grunt_orc_community_town_hall, layout_caves,
          grunt_orc_community_big_house_2, grunt_orc_community_big_house_2,
          grunt_orc_community_house_3, grunt_orc_community_house_1,
          grunt_orc_community_house_3, grunt_orc_community_house_3,
          grunt_orc_community_house_2, grunt_orc_community_house_2,
          nicolae_orc_lava_tube, nicolae_specific_store, rock_pile
Elf:1:    eino_elf_arrival_shootout, layout_gridlike, evilmike_minifort,
          st_stairs_7, einodemon_crawler_minivault
Elf:2:    elven_hall_of_blades_hangedman_original [grunt_blade_entry_basic],
          layout_geoelf_octagon, serial_shops, shop, uniq_asterion, uniq_roxanne

Skill      XL: |  1  2  3  4  5  6  7  8  9 10 11 12 13 14 15 |
---------------+----------------------------------------------+-----
Fighting       | 4 5 6 7 8 9 10 11 | 11.8
Axes           | 3 |  3.1
Armour         | 4 5 6 8 9 10 11 | 11.9
Maces & Flails | 1 2 4 5 7 10 11 12 13 14 15 17 | 17.6
Throwing       | 1 2 3 4 5 6 |  6.6
Shields        | 4 5 7 8 10 12 13 | 13.9
Dodging        | 1 2 3 4 5 6 |  6.3
Evocations     | 2 3 5 6 |  6.2
Invocations    | 2 4 6 7 8 |  8.8
Long Blades    | 5 7 8 |  8.5
Stealth        | |  0.1

Action                     |  1- 3 |  4- 6 |  7- 9 | 10-12 | 13-15 || total
---------------------------+-------+-------+-------+-------+-------++-------
  Melee: War axe           |    64 |       |       |       |       ||    64
         Headbutt          |    13 |    15 |    28 |   150 |   195 ||   401
         Mace              |    28 |   148 |   260 |   637 |   258 ||  1331
         Triple sword      |       |       |       |    50 |       ||    50
         Morningstar       |       |       |       |       |   591 ||   591
  Throw: Dart              |       |       |     1 |     2 |       ||     3
 Invoke: Draw Destruction  |       |       |       |     1 |    21 ||    22
         Draw Escape       |       |       |       |       |     7 ||     7
         Draw Summoning    |       |       |       |       |     5 ||     5
  Evoke: Wand              |       |       |       |     5 |     7 ||    12
         Piece from Xom's  |       |       |       |       |    10 ||    10
    Use: Scroll            |     6 |     1 |     1 |    18 |    19 ||    45
         Potion            |       |       |       |     9 |     7 ||    16
   Stab: Invisible         |       |       |       |     1 |       ||     1
         Distracted        |       |       |       |       |     4 ||     4
 Armour: Scale mail        |    47 |    82 |    30 |       |       ||   159
         Chain mail        |       |       |    83 |   127 |       ||   210
         Fire dragon scale |       |       |       |   149 |    77 ||   226
         Plate armour      |       |       |       |       |   127 ||   127
  Dodge: Dodged            |    53 |    80 |   111 |   446 |   279 ||   969
         Repelled          |       |       |       |     1 |     7 ||     8
  Block: Buckler           |    16 |    19 |    16 |       |       ||    51
         Kite shield       |       |       |    78 |   550 |   778 ||  1406
         Reflection        |       |       |       |     9 |    51 ||    60
